 Dungeon Crawl Stone Soup version 0.22.1-1-ga44c0e56f4 (webtiles) character file.

820 Mjsee792 the Shield-Bearer (level 7, -4/62 HPs)
             Began as a Minotaur Fighter on Oct 14, 2018.
             Was an Initiate of Okawaru.
             Killed by divine providence
             ... invoked by an orc priest
              (13 damage)
             ... on level 4 of the Dungeon.
             The game lasted 00:05:51 (3127 turns).

Mjsee792 the Shield-Bearer (Minotaur Fighter)       Turns: 3127, Time: 00:05:53

Health: -4/62      AC: 12    Str: 20    XL:     7   Next: 63%
Magic:  6/6        EV:  9    Int:  5    God:    Okawaru [......]
Gold:   248        SH: 13    Dex: 12    Spells: 6/6 levels left

rFire    . . .     SeeInvis .   v - +0 hand axe (flame)
rCold    . . .     Gourm    .   c - +0 shield
rNeg     . . .     Faith    .   b - +0 scale mail
rPois    .         Spirit   .   (helmet restricted)
rElec    .         Reflect  +   (no cloak)
rCorr    .         Harm     .   (no gloves)
MR       .....                  (no boots)
Stlth    ..........             s - +3 amulet of reflection
HPRegen  0.20/turn              n - +5 ring of protection
MPRegen  0.10/turn              (no ring)

@: no status effects
A: retaliatory headbutt, horns 2
a: Renounce Religion


You were on level 4 of the Dungeon.
You worshipped Okawaru.
Okawaru was noncommittal.
You were not hungry.

You visited 2 branches of the dungeon, and saw 5 of its levels.

You collected 248 gold pieces.

Inventory:

Hand Weapons
 v - a +0 hand axe of flaming (weapon)
Armour
 b - a +0 scale mail (worn)
 c - a +0 shield (worn)
Jewellery
 n - a +5 ring of protection (left hand)
 s - a +3 amulet of reflection (around neck)
Wands
 q - a wand of flame (24)
Scrolls
 a - a scroll of enchant weapon {unknown}
 h - 4 scrolls of remove curse {unknown}
 i - 9 scrolls of identify {unknown}
 j - 3 scrolls of teleportation {unknown}
 m - a scroll of fog {unknown}
 u - a scroll of magic mapping {unknown}
Potions
 d - a potion of might
 e - a potion of ambrosia {unknown}
 g - 2 potions of haste {unknown}
 k - 2 potions of mutation {unknown}
 l - 2 potions of degeneration {unknown}
 o - a potion of brilliance {unknown}
 p - 2 potions of curing {unknown}
 r - a potion of agility {unknown}
 t - 3 potions of cancellation {unknown}
Comestibles
 f - 10 rations
 w - 2 chunks of flesh


   Skills:
 + Level 5.9 Fighting
 - Level 2.4 Axes
 + Level 6.8 Armour
 + Level 3.2 Dodging
 + Level 7.0 Shields


You had 6 spell levels left.
You didn't know any spells.
Your spell library was empty.

Dungeon Overview and Level Annotations

Branches:
Dungeon (4/15)             Temple (1/1) D:4

Altars:
Ashenzari
Dithmenos
Gozag
Okawaru
Ru
Trog
Wu Jian


Innate Abilities, Weirdness & Mutations

You reflexively headbutt those who attack you in melee.
You have a pair of horns on your head.


Message History

Unknown command.
You hit the worker ant but do no damage.
The worker ant is severely wounded.
The worker ant bites you.
* * * LOW HITPOINT WARNING * * *
The worker ant waves its antennae.
The worker ant bites you but does no damage.
Unknown command.
You hit the worker ant but do no damage.
The worker ant is severely wounded.
The worker ant completely misses you.
Unknown command.
You hit the worker ant but do no damage.
The worker ant is severely wounded.
The worker ant bites you but does no damage. x2
You hit the worker ant. You burn the worker ant.
The worker ant is almost dead.
The orc priest calls down the wrath of Beogh upon you.
Beogh smites you!
You die...

#..# ##†)#
#.).## #.
##....####...
#.........#
##.......###
##..###..## #
##.### ##.##
. #@## ##.##
#. #..oa##
##.## ##.
#...o#
##.###..
.....#
##..#.. ##...
##.... ##.
#.... # #....
#.... ###..##


You could see a worker ant, an orc priest and an orc.

Vanquished Creatures
  Sigmund (D:3)
  An ogre (D:4)
  A crimson imp (D:4)
  A hound (D:2)
  2 orc priests (D:4)
  Jessica (D:3)
  5 orc wizards
  3 worker ants (D:4)
  3 gnolls (D:3)
  6 adders
  An ooze (D:1)
  5 worms
  3 dart slugs
  2 leopard geckos
  8 orcs
  9 bats
  A giant cockroach (D:4)
  12 goblins
  10 hobgoblins
  7 jackals
  13 kobolds
  A ball python (D:2)
  3 frilled lizards
  14 rats
113 creatures vanquished.

Notes
Turn   | Place    | Note
-------+----------+-------------------------------------------
     0 | D:1      | Mjsee792 the Minotaur Fighter began the quest for the Orb.
     0 | D:1      | Reached XP level 1. HP: 19/19 MP: 0/0
    87 | D:1      | Reached XP level 2. HP: 22/27 MP: 1/1
   138 | D:1      | Reached skill level 4 in Shields
   359 | D:1      | Reached XP level 3. HP: 31/33 MP: 2/2
   631 | D:2      | Reached XP level 4. HP: 34/41 MP: 3/3
   800 | D:2      | Found a sacrificial altar of Ru.
  1062 | D:2      | Reached skill level 1 in Dodging
  1347 | D:3      | Reached skill level 5 in Fighting
  1347 | D:3      | Reached skill level 5 in Shields
  1347 | D:3      | Reached XP level 5. HP: 37/48 MP: 4/4
  1351 | D:3      | Reached skill level 5 in Armour
  1512 | D:3      | Noticed Sigmund
  1528 | D:3      | Killed Sigmund
  1528 | D:3      | Reached XP level 6. HP: 23/56 MP: 5/5
  1886 | D:3      | Noticed Jessica
  1892 | D:3      | Killed Jessica
  1898 | D:3      | Reached skill level 6 in Shields
  2269 | D:3      | Found a shattered altar of Ashenzari.
  2453 | D:4      | Reached XP level 7. HP: 47/61 MP: 6/6
  2922 | D:4      | Found a staircase to the Ecumenical Temple.
  2927 | Temple   | Entered the Ecumenical Temple
  3018 | Temple   | Became a worshipper of Warmaster Okawaru
  3097 | D:4      | Reached skill level 7 in Shields
  3127 | D:4      | Killed from afar by an orc priest

Skill      XL: |  1  2  3  4  5  6  7 |
---------------+----------------------+-----
Armour         | 4 5 6 |  6.8
Shields        | 4 5 6 7 |  7.0
Fighting       | 4 5 |  5.9
Dodging        | 1 2 3 |  3.2
Axes           | |  2.4

Action                   |  1- 3 |  4- 6 |  7- 9 || total
-------------------------+-------+-------+-------++-------
Melee: War axe           |    77 |   176 |     8 ||   261
       Headbutt          |    13 |    38 |     7 ||    58
       Hand axe          |       |       |    50 ||    50
  Eat: Chunk             |       |     5 |     3 ||     8
Armor: Scale mail        |    34 |    71 |    24 ||   129
Dodge: Dodged            |    17 |    64 |    12 ||    93
Block: Shield            |    37 |    90 |    37 ||   164
